Map: El Dorado

Players

wootwoot - Winner!

  • Race: Zerg Zerg
  • League: Diamond
  • Spawn Location: 5:00

Dedication

  • Race: Terran Terran
  • League: Diamond
  • Spawn Location: 7:00

VOD

Have the link to the VOD?

Description

Time

  • Played on: April 4, 2025, 1:46 a.m.
  • Length: 7:33
Show
View Real Time Build Order
Export as new Build Order

wootwoot Zerg - Winner!

Build Orders: Hatch First 

Get SALT Encoding   

  12  0:00  Drone  
  13  0:14  Overlord  
  13  0:18  Drone  
  14  0:32  Drone x2  
  16  0:48  Hatchery  
  15  0:51  Drone  
  15  0:55  Drone  
  17  0:58  Drone  
  17  1:00  Extractor  
  17  1:16  Spawning Pool  
  16  1:18  Drone  
  16  1:22  Drone  
  18  1:30  Drone  
  19  1:41  Drone  
  20  2:04  Roach Warren  
  20  2:05  Queen x2  
  23  2:10  Drone  
  23  2:13  Drone  
  25  2:16  Drone  
  25  2:21  Drone  
  27  2:23  Drone  
  28  2:30  Overlord  
  28  2:48  Roach x3  
  28  2:49  Roach  
  36  2:53  Metabolic Boost  
  36  2:59  Overlord  
  36  3:01  Overlord  
  36  3:17  Drone  
  36  3:18  Drone x5  
  42  3:20  Drone  
  42  3:23  Drone  
  44  3:27  Drone x2  
  44  3:29  Drone  
  47  3:37  Drone  
  47  3:40  Lair  
  48  3:42  Extractor  
  48  3:43  Extractor  
  48  3:47  Extractor  
  45  3:51  Overlord x2  
  41  4:05  Spore Crawler x2, Drone x3  
  41  4:07  Drone  
  39  4:14  Drone  
  40  4:17  Drone x2  
  40  4:19  Drone x2  
  40  4:20  Drone x2  
  46  4:27  Overlord  
  46  4:33  Zergling x2  
  47  4:38  Zergling x2, Spire  
  47  4:39  Zergling x2  
  48  4:47  Zergling x2  
  48  4:50  Zergling x12  
  44  5:20  Drone  
  43  5:22  Overlord x3  
  43  5:23  Overlord  
  43  5:50  Mutalisk x6  
  43  5:53  Mutalisk  
  43  5:56  Mutalisk  
  59  6:00  Drone x2  
  61  6:05  Drone x4  
  61  6:08  Drone  
  63  6:26  Hatchery  
  63  6:28  Mutalisk x3  
  68  6:33  Zergling x4  
  68  6:34  Zergling x2  
  68  6:36  Zergling x2  
  72  6:40  Zergling x4  
  72  6:45  Zergling x4  
  74  6:50  Zergling x2  
  75  6:56  Zergling x2  
  76  7:03  Zergling x4  
  76  7:05  Mutalisk  
  74  7:08  Zergling x2  
  74  7:09  Zergling x2  
Show
View Real Time Build Order
Export as new Build Order

Dedication Terran 

Build Orders: Cyclone Opening 

Get SALT Encoding   

  12  0:00  SCV  
  13  0:12  SCV  
  14  0:18  Supply Depot  
  14  0:24  SCV  
  15  0:39  SCV  
  15  0:40  Barracks  
  16  0:45  Refinery  
  16  0:51  SCV  
  16  0:55  Refinery  
  17  1:03  SCV  
  18  1:13  Supply Depot  
  18  1:16  SCV  
  19  1:28  Reaper  
  19  1:32  Orbital Command  
  20  1:47  Factory  
  20  1:59  SCV  
  22  2:11  SCV  
  23  2:22  Barracks Reactor  
  22  2:28  SCV  
  23  2:32  Starport  
  23  2:33  Factory Tech Lab  
  23  2:39  Command Center  
  23  2:45  SCV  
  24  2:57  SCV  
  24  2:58  Marine x2  
  27  2:59  Cyclone  
  30  3:11  Supply Depot  
  30  3:14  Bunker  
  30  3:16  Marine  
  31  3:33  SCV, Marine, Viking  
  35  3:40  Marine  
  36  3:45  Cyclone  
  39  3:50  SCV  
  39  3:51  Marine  
  39  3:58  Marine  
  38  4:04  Liberator  
  42  4:16  Orbital Command, SCV  
  44  4:31  SCV  
  43  4:32  Barracks  
  43  4:33  Barracks  
  43  4:34  Factory Reactor  
  43  4:40  Stimpack  
  43  4:43  SCV  
  44  4:55  SCV  
  45  5:04  Marine  
  45  5:06  Starport Reactor  
  43  5:07  SCV  
  40  5:16  Hellion  
  40  5:17  Hellion  
  40  5:19  Bunker  
  40  5:20  SCV x2  
  38  5:22  Marine  
  38  5:23  Marine x2  
  41  5:33  Barracks Tech Lab  
  41  5:37  SCV  
  41  5:38  SCV, Hellion x2  
  41  5:40  Marine x2  
  41  5:41  Marine  
  50  5:53  SCV x2  
  52  5:57  Supply Depot  
  52  5:58  Starport Reactor  
  52  6:01  Supply Depot, Marine x2  
  54  6:18  SCV x2, Marine x2  
  58  6:27  Command Center  
  58  6:29  Marine x3  
  58  6:30  SCV x2  
  60  6:34  Engineering Bay  
  60  6:36  Marine  
  60  6:37  Marine  
  62  6:43  SCV x2  
  58  6:47  Marine x3  
  58  6:54  Marine x2  
  55  6:55  SCV  
  55  7:05  Marine x3  
  50  7:11  Marine  
  50  7:12  Marine  
  43  7:19  Missile Turret  
Tags
 
Add a new tag
Caveats
  • Supply blocks, unpowered buildings, or Contaminate may cause inaccurate times.
  • Supply counts are checked every 10 seconds.